 Dungeon Crawl Stone Soup version 0.31-a0-187-gba352fbbf7 (webtiles) character file.

Game seed: 13139504137399285030

43 Dittersdorf the Trooper (level 3, -1/24 HPs)
             Began as a Gargoyle Fighter on June 22, 2023.
             Slain by Grinder (4 damage)
             ... on level 3 of the Dungeon.
             The game lasted 00:01:44 (2047 turns).

Dittersdorf the Trooper (Gargoyle Fighter)          Turns: 2047, Time: 00:01:44

Health: -1/24      AC: 12    Str: 21    XL:     3   Next: 58%
Magic:  3/3        EV:  7    Int:  8    God:
Gold:   132        SH:  4    Dex:  9    Spells: 2/2 levels left

rFire   . . .        a - +0 flail
rCold   + . .        c - +0 buckler
rNeg    + . .        l - +0 chain mail
rPois   ∞            (no helmet)
rElec   +            (no cloak)
rCorr   .            (no gloves)
SInv    .            (no boots)
Will    .....        (no amulet) Stlth
                     i - ring of protection from cold
HPRegen 0.24/turn    (no ring)
MPRegen 0.08/turn

%: no passive effects
@: no status effects
A: sickness immunity, AC +3, negative energy resistance 1, electricity
resistance, torment resistance 1, petrification resistance
a: no special abilities


You were on level 3 of the Dungeon.
You visited 1 branch of the dungeon, and saw 3 of its levels.

You collected 132 gold pieces.

Inventory:

Hand Weapons
 a - a +0 flail (weapon)
Missiles
 h - 2 poisoned darts
Armour
 c - a +0 buckler (worn)
 l - a +0 chain mail (worn)
Jewellery
 i - a ring of protection from cold (left hand)
Scrolls
 b - a scroll of immolation {unknown}
 e - 2 scrolls of enchant weapon {unknown}
 g - a scroll of revelation {unknown}
 j - a scroll of teleportation {unknown}
 m - a scroll of silence {unknown}
 o - a scroll of noise {unknown}
 q - a scroll of fear {unknown}
Potions
 d - 2 potions of might
 f - 2 potions of mutation {unknown}
 k - a potion of enlightenment {unknown}
 n - a potion of invisibility {unknown}
 p - a potion of curing {unknown}


   Skills:
 + Level 3.7 Fighting
 + Level 2.6 Maces & Flails
 + Level 3.7 Armour
 + Level 3.7 Shields


You had 2 spell levels left.
You didn't know any spells.
Your spell library was empty.

Dungeon Overview and Level Annotations

Branches:
Dungeon (3/15)

Altars:

Shops:
D:1 :

Annotations:
D:3 Grinder


Innate Abilities, Weirdness & Mutations

You are immune to sickness and miasma.
Your stone body is resilient. (AC +3)
You are immune to poison.
You resist negative energy. (rN+)
You are resistant to electric shocks. (rElec)
You are resistant to unholy torment.
You are immune to petrification.


Message History

You are too injured to fight recklessly!
You are too injured to fight recklessly!
You are too injured to fight recklessly!
You are too injured to fight recklessly!
You are too injured to fight recklessly!
You hit Grinder.
Grinder is lightly wounded.
Grinder grins, showing sharp teeth.
You block Grinder's attack.
You thump Grinder!
Grinder is moderately wounded.
Grinder hits you.
You hit Grinder.
Grinder is heavily wounded.
Grinder gestures at you.
You suddenly lose the ability to move!
Grinder gestures at you.
You shrug off the repeated paralysis!
Grinder blinks!
Grinder gestures at you.
You shrug off the repeated paralysis!
Grinder gestures at you.
You shrug off the repeated paralysis!
Grinder blinks!
You can move again.
You closely miss Grinder.
Grinder is heavily wounded.
Grinder gestures at you.
You suddenly lose the ability to move!
Grinder hits you.
* * * LOW HITPOINT WARNING * * *
Grinder hits you.
* * * LOW HITPOINT WARNING * * *
You writhe in agony.
* * * LOW HITPOINT WARNING * * *
You can move again.
You barely miss Grinder.
Grinder is heavily wounded.
Grinder hits you.
You die...

##.# ...# #..# #.#
#..# ##.# #..# #...
#..# #..# #..# #..#
#..# #..##### #@.#
#..#...#########5.#
#.................#
#.##...#########.##
#.###### #.# #.#
#.# #.# #.# #.# #.#
..# #.#


You could see Grinder.

Vanquished Creatures
  An adder (D:2)
  3 dart slugs (D:2)
  4 goblins
  4 hobgoblins
  7 kobolds
  A quokka (D:1)
  2 ball pythons
  4 frilled lizards
  A rat (D:2)
27 creatures vanquished.

Notes
Turn   | Place    | Note
-------+----------+-------------------------------------------
     0 | D:1      | Dittersdorf the Gargoyle Fighter began the quest for the
                  | Orb.
     0 | D:1      | Reached XP level 1. HP: 14/14 MP: 1/1
   278 | D:1      | Found Raoheeh's Book Boutique.
   462 | D:1      | Reached XP level 2. HP: 19/19 MP: 2/2
  1142 | D:2      | Reached XP level 3. HP: 18/23 MP: 3/3
  1459 | D:2      | Found a faded altar of an unknown god.
  2025 | D:3      | Noticed Grinder
  2035 | D:3      | Paralysed by Grinder for 5 turns
  2044 | D:3      | Paralysed by Grinder for 3 turns
  2047 | D:3      | Slain by Grinder

Illustrated notes

Levels and vault maps discovered:
D:1:      dpeg_arrival_oval, layout_basic, serial_shops, shop,
          roderic_lattice_a, minmay_pentomino_s2
D:2:      cheibrodos_helix_gallery, layout_basic, nicolae_ecumenical_pavilion
D:3:      layout_loops_ring, mainiacjoe_overflow_alcove_4, uniq_grinder

Action                     || total
---------------------------++-------
  Melee: Flail             ||   110
 Armour: Scale mail        ||    10
         Chain mail        ||    84
  Dodge: Dodged            ||    43
  Block: Buckler           ||    32

Table legend: (Time is in decaauts)
 A = Elapsed time spent in this place.
 B = Non-inter-level travel time spent in this place.
 C = Inter-level travel time spent in this place.
 D = Time resting spent in this place.
 E = Time spent auto-exploring this place.
 F = Levels seen in this place.
 G = Mean time per level.
                   A        B        C        D        E       F      G
               +--------+--------+--------+--------+--------+-----+--------+
         Total |   2083 |   1985 |     98 |     12 |   1668 |   3 |  694.3 |
       Dungeon |   2083 |   1985 |     98 |     12 |   1668 |   3 |  694.3 |
               +--------+--------+--------+--------+--------+-----+--------+

Top non-repeatable levels by time:
     D:1: 1081 daAuts
     D:2: 942 daAuts
     D:3: 58 daAuts
